 Dungeon Crawl Stone Soup version 0.28.0-53-g5a82cb258f (console) character file.

Game seed: 11518366681815411814

199 Faeu the Slasher (level 5, 0/47 HPs)
             Began as a Minotaur Fighter on May 28, 2022.
             Succumbed to a scorpion's poison
             ... on level 2 of the Dungeon.
             The game lasted 00:01:39 (1407 turns).

Faeu the Slasher (Minotaur Fighter)                 Turns: 1407, Time: 00:01:39

Health: 0/47       AC:  7    Str: 22    XL:     5   Next: 48%
Magic:  4/4        EV:  9    Int:  5    God:
Gold:   58         SH:  4    Dex: 10    Spells: 4/4 levels left

rFire   . . .      SeeInvis .   a - +0 long sword {long}
rCold   . . .      Faith    .   c - +0 buckler
rNeg    . . .      Spirit   .   b - +0 scale mail
rPois   .          Reflect  .   (helmet restricted)
rElec   .          Harm     .   (no cloak)
rCorr   .          Rampage  .   (no gloves)
Will    .....                   (no boots)
Stlth   ..........              (no amulet)
HPRegen 0.15/turn               (no ring)
MPRegen 0.09/turn               (no ring)

@: lethally poisoned (0 -> -1), attractive
A: horns 2, retaliatory headbutt
a: no special abilities


You were on level 2 of the Dungeon.
You visited 1 branch of the dungeon, and saw 2 of its levels.

You collected 58 gold pieces.


Innate Abilities, Weirdness & Mutations

You have a pair of horns on your head.
You reflexively headbutt those who attack you in melee.


   Skills:
 - Level 4.8 Fighting
 + Level 5.2 Long Blades
 - Level 4.3 Armour
 - Level 4.3 Shields


You had 4 spell levels left.
You didn't know any spells.
Your spell library contained the following spells:

 Spells                   Type           Power      Damage    Failure   Level
 Ensorcelled Hibernation  Hex/Ice        0%         N/A       95%         2
 Spider Form              Tmut/Pois      0%         N/A       99%         3
 Anguish                  Hex/Necr       0%         N/A       100%        4

Inventory:

Hand Weapons
 a - a +0 long sword (weapon) {long}
Armour
 b - a +0 scale mail (worn)
 c - a +0 buckler (worn)
Jewellery
 f - a ring of resist corrosion
   (You found it on level 1 of the Dungeon)
Scrolls
 g - 2 scrolls of identify {unknown}
 h - 3 scrolls of teleportation {unknown}
 i - a scroll of fog {unknown}
 j - a scroll of enchant armour {unknown}
Potions
 d - a potion of might

Dungeon Overview and Level Annotations

Branches:
Dungeon (2/15)

Altars:

..............................
.................########.....
.......##........# #####
.......##........#
........#........#
........#........#
###.....#........#
##.............#
###.............###
##........######...######
......#.#### #@..>....#
...........# #........#
...†.......# ##............
...†.......# #...##.......
...........# #...# .......
...........# #...# .......
...........# #...# .......
...........# #...# .......
...........# ##### .......
...........# ....########


There were no monsters in sight!


Message History

You kill the giant cockroach!
A ball python is nearby!
You see here a giant cockroach corpse.
A ball python is nearby!
You closely miss the ball python. The ball python bites you.
You block the ball python's attack. 😕 HP[-2]
You take 2 damage, and now have 45/47 hp.
A ball python is nearby!
You slash the ball python!
You kill the ball python!
j - a scroll labelled YSYURO DUAKI You see here a ball python corpse.
No target in view! 😎 HP[+2]
A scorpion and a dart slug come into view.
The dart slug launches a dart at you. You block the slug dart.
There are monsters nearby!
There are monsters nearby!
The scorpion stings you. 😕 HP[-4]
You take 4 damage, and now have 43/47 hp.
There are monsters nearby!
You closely miss the scorpion. The scorpion barely misses you.
The scorpion stings you but does no damage.
There are monsters nearby!
You hit the scorpion but do no damage. The scorpion stings you. 😕 HP[-3]
You take 3 damage, and now have 40/47 hp.
There are monsters nearby!
You barely miss the scorpion. The scorpion stings you.
You are poisoned.
The scorpion poisons you! The dart slug bites you.
The scorpion closely misses you. You furiously retaliate!
You headbutt the scorpion, but do no damage. 😮 HP[-5]
You take 5 damage, and now have 35/47 hp.
You hit the scorpion but do no damage.
You feel very sick. You block the scorpion's attack.
The dart slug bites you but does no damage. 😮 HP[-3]
You take 3 damage, and now have 32/47 hp.
You hit the scorpion but do no damage.
You feel sick. The scorpion stings you. The dart slug launches a dart at you.
The slug dart misses you. 😮 HP[-5]
You take 5 damage, and now have 27/47 hp.
You closely miss the scorpion. Your headbutt misses the scorpion.
You feel sick. The scorpion stings you!
* * * LOW HITPOINT WARNING * * *
You are lethally poisoned!
The scorpion poisons you! The scorpion closely misses you.
The dart slug barely misses you. 😨 HP[-9]
You take 9 damage, and now have 18/47 hp.
You barely miss the scorpion. You headbutt the scorpion.
* * * LOW HITPOINT WARNING * * *
You feel very sick.
The scorpion barely misses you. 😨 HP[-5]
You take 5 damage, and now have 13/47 hp.
You slash the scorpion!
You kill the scorpion!
* * * LOW HITPOINT WARNING * * *
You feel very sick. You block the dart slug's attack.
Your Long Blades skill increases to level 5! 😱 HP[-3]
You take 3 damage, and now have 10/47 hp.
You slash the dart slug!
You kill the dart slug!
* * * LOW HITPOINT WARNING * * *
You feel very sick. 😱 HP[-2]
You take 2 damage, and now have 8/47 hp.
* * * LOW HITPOINT WARNING * * *
You feel sick. 😱 HP[-2]
You take 2 damage, and now have 6/47 hp.
* * * LOW HITPOINT WARNING * * *
You feel sick. 😱 HP[-2]
You take 2 damage, and now have 4/47 hp.
* * * LOW HITPOINT WARNING * * *
You feel sick. 😱 HP[-1]
You take 1 damage, and now have 3/47 hp.
* * * LOW HITPOINT WARNING * * *
You feel sick. 😱 HP[-1]
You take 1 damage, and now have 2/47 hp.
* * * LOW HITPOINT WARNING * * *
You feel sick. 😱 HP[-1]
You take 1 damage, and now have 1/47 hp.
It was a potion of attraction.
You feel attractive to monsters.
You die...

Skill      XL: |  1  2  3  4  5 |
---------------+----------------+-----
Fighting       | 4 |  4.8
Armour         | 4 |  4.3
Shields        | 4 |  4.3
Long Blades    | 3 4 5 |  5.2

Action                   |  1- 3 |  4- 6 || total
-------------------------+-------+-------++-------
Melee: Long sword        |    56 |    31 ||    87
       Headbutt          |     5 |     3 ||     8
  Use: Potion            |       |     1 ||     1
Armor: Scale mail        |    33 |     9 ||    42
Dodge: Dodged            |    28 |    13 ||    41
Block: Buckler           |    18 |    11 ||    29

Levels and vault maps discovered:
D:1:      moated_graveyard_arrival, layout_basic, hex_medium,
          minmay_crystal_room, minmay_fountain_box, serial_bayou_lagoon_a
D:2:      layout_basic, uniq_natasha

Notes
Turn   | Place    | Note
-------+----------+-------------------------------------------
     0 | D:1      | Faeu the Minotaur Fighter began the quest for the Orb.
     0 | D:1      | Reached XP level 1. HP: 19/19 MP: 0/0
     0 | D:1      | magus.rc [v1.9.6]
    35 | D:1      | Reached XP level 2. HP: 27/27 MP: 1/1
    89 | D:1      | You pick up a book of Dreams and begin reading...
    89 | D:1      | You add the spells Ensorcelled Hibernation, Spider Form and
                  | Anguish to your library.
   540 | D:1      | Reached skill level 4 in Fighting
   625 | D:1      | Reached skill level 4 in Armour
   625 | D:1      | Reached skill level 4 in Shields
   854 | D:2      | Reached skill level 3 in Long Blades
   854 | D:2      | Reached XP level 3. HP: 29/33 MP: 2/2
   975 | D:2      | Noticed Natasha
   983 | D:2      | Killed Natasha
   984 | D:2      | Reached XP level 4. HP: 41/41 MP: 3/3
  1104 | D:2      | Noticed Natasha
  1112 | D:2      | Killed Natasha
  1244 | D:2      | Noticed Natasha
  1253 | D:2      | Killed Natasha
  1254 | D:2      | Reached skill level 4 in Long Blades
  1254 | D:2      | Reached XP level 5. HP: 43/47 MP: 4/4
  1400 | D:2      | HP: 10/47 [poisoned by a scorpion]
  1401 | D:2      | Reached skill level 5 in Long Blades
  1403 | D:2      | HP: 4/47 [poisoned by a scorpion]
  1406 | D:2      | HP: 1/47 [poisoned by a scorpion]
  1407 | D:2      | Succumbed to a scorpion's poison

Vanquished Creatures
  A scorpion (D:2)
  Natasha (thrice) (D:2)
  4 adders (D:2)
  A dart slug (D:2)
  4 ball pythons
  4 endoplasms
  2 giant cockroaches (D:2)
  2 goblins (D:1)
  A hobgoblin (D:1)
  2 jackals (D:1)
  5 kobolds
  2 bats
  4 rats
35 creatures vanquished.

Vanquished Creatures (others)
  A plant (D:1)
1 creature vanquished.

Grand Total: 36 creatures vanquished

Table legend:
 A = Non-vault XP
 B = Vault XP
 C = Vault XP percentage of total XP
 D = Non-vault monster count
 E = Vault monster count
 F = Vault count percentage of total count
                 A         B        C        D         E       F
            +---------+---------+-------+---------+---------+-------
      Total |     249 |      36 |  12.6 |      34 |       1 |   2.9
            +---------+---------+-------+---------+---------+-------
        D:1 |      30 |       0 |   0.0 |      17 |       0 |   0.0
        D:2 |     219 |      36 |  14.1 |      17 |       1 |   5.6
            +---------+---------+-------+---------+---------+-------

Illustrated notes

Table legend:
 A = Kills in this place as a percentage of kills in entire the game.
 B = Kills by you in this place as a percentage of kills by you in the entire game.
 C = Kills by friends in this place as a percentage of kills by friends in the entire game.
 D = Other kills in this place as a percentage of other kills in the entire game.
 E = Experience gained in this place as a percentage of experience gained in the entire game.
 F = Experience gained in this place divided by the number of levels of this place that you have seen.
                   A       B       C       D       E      F
               +-------+-------+-------+-------+-------+----------------------
         Total | 100.0 | 100.0 |   N/A |   N/A | 100.0 | 142.5
       Dungeon | 100.0 | 100.0 |   N/A |   N/A | 100.0 | 142.5
               +-------+-------+-------+-------+-------+----------------------

Table legend: (Time is in decaauts)
 A = Elapsed time spent in this place.
 B = Non-inter-level travel time spent in this place.
 C = Inter-level travel time spent in this place.
 D = Time resting spent in this place.
 E = Time spent auto-exploring this place.
 F = Levels seen in this place.
 G = Mean time per level.
                   A        B        C        D        E       F      G
               +--------+--------+--------+--------+--------+-----+--------+
         Total |   1451 |   1412 |     39 |      0 |   1172 |   2 |  725.5 |
       Dungeon |   1451 |   1412 |     39 |      0 |   1172 |   2 |  725.5 |
               +--------+--------+--------+--------+--------+-----+--------+

Top non-repeatable levels by time:
     D:1: 822 daAuts
     D:2: 628 daAuts
